 Dungeon Crawl Stone Soup version 0.25-a0-589-g1e14c549ee (webtiles) character file.

Game seed: 15386004869179850552, levelgen mode: deterministic

8 Esekla the Charlatan (level 2, -2/14 HPs)
             Began as a Spriggan Artificer on Mar 10, 2020.
             Slain by a kobold
             ... wielding a +0 club
              (7 damage)
             ... on level 1 of the Dungeon.
             The game lasted 00:01:06 (410 turns).

Esekla the Charlatan (Spriggan Artificer)            Turns: 410, Time: 00:01:06

Health: -2/14      AC:  2    Str:  8    XL:     2   Next: 0%
Magic:  6/6        EV: 19    Int: 12    God:
Gold:   5          SH:  0    Dex: 16    Spells: 1/1 levels left

rFire    . . .     SeeInvis +   a - +0 short sword
rCold    . . .     Gourm    .   (shield restricted)
rNeg     . . .     Faith    .   b - +0 robe
rPois    .         Spirit   .   (helmet restricted)
rElec    .         Reflect  .   (no cloak)
rCorr    .         Harm     .   (gloves unavailable)
MR       .....                  (boots unavailable)
Stlth    ++........             (no amulet)
HPRegen  0.04/turn              (no ring)
MPRegen  0.10/turn              (no ring)

@: very quick
A: very small, unfitting armour, see invisible, herbivore, speed 3, slow
metabolism 2
a: no special abilities


You were on level 1 of the Dungeon.
You were not hungry.

You visited 1 branch of the dungeon, and saw 1 of its levels.

You collected 5 gold pieces.

Inventory:

Hand Weapons
 a - a +0 short sword (weapon)
Armour
 b - a +0 robe (worn)
Wands
 c - a wand of flame (15)
 d - a wand of enslavement (15)
 e - a wand of random effects (15)
Scrolls
 g - a scroll of remove curse {unknown}
Comestibles
 f - a ration


   Skills:
 - Level 0.7 Fighting
 * Level 1.4 Short Blades
 * Level 3.6 Dodging
 + Level 2.0 Stealth
 - Level 4.0 Evocations


You had one spell level left.
You didn't know any spells.
Your spell library was empty.

Dungeon Overview and Level Annotations

Branches:
Dungeon (1/15)

Altars:


Innate Abilities, Weirdness & Mutations

You are very small and have problems with some larger weapons.
You are too small for most types of armour.
You have supernaturally acute eyesight. (SInv)
You are a herbivore.
You cover ground extremely quickly.
You need to consume almost no food.


Message History

You closely miss the kobold. The kobold closely misses you.
You barely miss the kobold. The kobold completely misses you.
You closely miss the kobold. The kobold misses you.
You miss the kobold. The kobold completely misses you.
The rat barely misses you.
You see here a bat corpse.
The rat misses you.
You hit the rat.
You kill the rat!
Your Stealth skill increases to level 2!
You have reached level 2!
You closely miss the kobold. The kobold hits you with a +0 club.
* * * LOW HITPOINT WARNING * * *
You barely miss the kobold. The kobold misses you.
You hit the kobold but do no damage. The kobold completely misses you.
You closely miss the kobold. The kobold closely misses you.
You closely miss the kobold. The kobold hits you but does no damage.
You hit the kobold but do no damage. The kobold hits you with a +0 club!
Ouch! That really hurt!
You die...

####....#### #..........#
#..........#
..#....†.....# .
#.#..........# ..
#.#..........+ ...
#.###.......## ####
...#..##K......# .....
.......@.......#
####.#########...####.###
...........###..## ...
#............†..# .....
#............)..##......
#.......................
#..............#.##.#
#................#
#................#


You could see a kobold.

Vanquished Creatures
  A leopard gecko (D:1)
  A goblin (D:1)
  A hobgoblin (D:1)
  2 bats (D:1)
  2 frilled lizards (D:1)
  A rat (D:1)
8 creatures vanquished.

Notes
Turn   | Place    | Note
-------+----------+-------------------------------------------
     0 | D:1      | Esekla the Spriggan Artificer began the quest for the Orb.
     0 | D:1      | Reached XP level 1. HP: 9/9 MP: 4/4
   404 | D:1      | Reached XP level 2. HP: 9/14 MP: 6/6
   410 | D:1      | Slain by a kobold

Levels and vault maps discovered:
D:1:      tarquinn_simple_flora_water_d, layout_basic,
          wander_ebering_terrifying_dragon_lair

Skill      XL: |  1 |
---------------+----+-----
Stealth        | 2 |  2.0
Fighting       | |  0.7
Short Blades   | |  1.4
Dodging        | |  3.6
Evocations     | |  4.0

Action                   || total
-------------------------++-------
Melee: Short sword       ||    40
 Stab: Sleeping          ||     1
Armor: Robe              ||     2
Dodge: Dodged            ||    30

Table legend:
 A = Non-vault XP
 B = Vault XP
 C = Vault XP percentage of total XP
 D = Non-vault monster count
 E = Vault monster count
 F = Vault count percentage of total count
                 A         B        C        D         E       F
            +---------+---------+-------+---------+---------+-------
      Total |      12 |       0 |   0.0 |       8 |       0 |   0.0
            +---------+---------+-------+---------+---------+-------
        D:1 |      12 |       0 |   0.0 |       8 |       0 |   0.0
            +---------+---------+-------+---------+---------+-------
